AoeStats
← sam.salorio

Pilgrims

507877744Analyzed
2v2 RM · 11d ago on Sep 20, 2026· 29m 2s· 4 players
Game mode
Random Map
Map size
Medium (4 player)
Population
200
Speed
Normal
Resources
Standard
Victory
Conquest
Starting age
Dark Age
Ending age
Imperial Age
RankedLock teamsTeams togetherTeam positionsShared explorationLock speedFull tech treeHidden civsTurbo modeCheats
Victory
Defeat
🇨🇱 Vikings · Chile
798
+16
🇨🇱 Japanese · Chile
789
+16
🇺🇸 Armenians · United States
811
-17
🇺🇸 Berbers · United States
763
-15
MEGAitch
7:38 Loom
18:55 Feudal Age
19:23 Man-at-Arms
20:50 Scale Mail Armor
21:51 Forging
24:30 Horse Collar
26:57 Castle Age
26:16 Stone Mining
sam.salorio
10:30 Loom
14:54 Feudal Age
16:05 Double-Bit Axe
16:14 Horse Collar
19:28 Town Watch
22:03 Castle Age
20:44 Fletching
D I O
5:27 Loom
12:06 Feudal Age
16:41 Man-at-Arms
19:26 Scale Mail Armor
26:25 Castle Age
pablo.torres
3:27 Loom
12:49 Feudal Age
15:28 Gold Mining
15:29 Double-Bit Axe
20:22 Man-at-Arms
22:31 Forging
22:22 Scale Mail Armor
22:24 Padded Archer Armor
22:14 Fletching
25:00 Castle Age
25:08 Crossbowman
26:13 Chain Mail Armor
26:14 Leather Archer Armor
26:00 Long Swordsman
26:26 Gambesons
26:42 Squires
26:10 Elite Skirmisher
Connection lost

Rejoining the realm…

Still unreachable

The connection could not be restored.

Session expired

The server has moved on; the page needs a fresh start.